[Event "Caplin Hastings Masters 2023-24"]
[Site "Hastings"]
[Date "2023.12.29"]
[Round "2.1"]
[White "Waldhausen Gordon, Frederick"]
[Black "Lagarde, Maxime"]
[Result "0-1"]
[ECO "A58"]
[WhiteElo "2338"]
[BlackElo "2640"]
[Annotator "ChessBase"]
[PlyCount "64"]
[EventDate "2023.12.18"]
[EventType "swiss"]
[EventCountry "ENG"]
[SourceTitle "playchess.com"]
[Source "ChessBase"]
[SourceQuality "1"]
[TimeControl "40/6000+30:3000+30"]

1. d4 Nf6 2. c4 c5 3. d5 b5 4. cxb5 a6 5. bxa6 e6 6. Nc3 exd5 7. Nxd5 Be7 8. Nf3 Nxd5 9. Qxd5 Rxa6 10. e3 Nc6 11. Ne5 Nxe5 12. Bxa6 Bxa6 13. Qxe5 O-O 14. f3 d5 15. Kf2 Bd6 16. Qh5 g6 17. Qh6 Re8 18. g3 Re5 19. Qh4 Qe8 20. a4 Rh5 21. Qf6 Rf5 22. Qh4 Qe6 23. a5 Rxf3+ 24. Kxf3 Qf5+ 25. Kg2 Qc2+ 26. Kh3 Bc8+ 27. g4 Qe2 28. Qd8+ Kg7 29. Qxc8 Qf3+ 30. Kh4 Bg3+ 31. hxg3 Qxh1+ 32. Kg5 Qh6# 0-1

[Event "Caplin Hastings Masters 2023-24"]
[Site "Hastings"]
[Date "2023.12.29"]
[Round "2.2"]
[White "Gupta, Abhijeet"]
[Black "Vestby-Ellingsen, Mads"]
[Result "1-0"]
[ECO "A09"]
[WhiteElo "2596"]
[BlackElo "2329"]
[Annotator "ChessBase"]
[PlyCount "77"]
[EventDate "2023.12.18"]
[EventType "swiss"]
[EventCountry "ENG"]
[SourceTitle "playchess.com"]
[Source "ChessBase"]
[SourceQuality "1"]
[TimeControl "40/6000+30:3000+30"]

1. Nf3 d5 2. c4 d4 3. b4 c5 4. e3 dxe3 5. fxe3 cxb4 6. d4 Nd7 7. Bd3 Ngf6 8. O-O e6 9. c5 Be7 10. a3 bxa3 11. Nxa3 O-O 12. Qc2 Qc7 13. Nb5 Qb8 14. Ba3 Re8 15. Ng5 Nf8 16. Nd6 Bxd6 17. cxd6 b5 18. Rab1 Bd7 19. e4 Qc8 20. Qb3 h6 21. Nxf7 Kxf7 22. e5 Qb7 23. exf6 gxf6 24. Be2 Qd5 25. Qh3 Ng6 26. Kh1 Rac8 27. Qxh6 Rh8 28. Rxf6+ Kxf6 29. Rf1+ Qf5 30. Qd2 Kg7 31. Rxf5 exf5 32. d5 Rh4 33. Bb2+ Kh7 34. g3 Re4 35. Qg5 Ne5 36. Qe7+ Kg6 37. Bxe5 Rxe2 38. Qg7+ Kh5 39. Bf4 1-0

[Event "Caplin Hastings Masters 2023-24"]
[Site "Hastings"]
[Date "2023.12.29"]
[Round "2.3"]
[White "Rudd, Jack"]
[Black "Zhang, Pengxiang"]
[Result "0-1"]
[ECO "D87"]
[WhiteElo "2314"]
[BlackElo "2558"]
[Annotator "ChessBase"]
[PlyCount "46"]
[EventDate "2023.12.18"]
[EventType "swiss"]
[EventCountry "ENG"]
[SourceTitle "playchess.com"]
[Source "ChessBase"]
[SourceQuality "1"]
[TimeControl "40/6000+30:3000+30"]

1. d4 Nf6 2. c4 g6 3. Nc3 d5 4. cxd5 Nxd5 5. e4 Nxc3 6. bxc3 Bg7 7. Bc4 c5 8. Ne2 Nc6 9. Be3 O-O 10. O-O b6 11. dxc5 Qc7 12. cxb6 axb6 13. Rb1 Ne5 14. Bd5 Rb8 15. Qa4 e6 16. Bb3 Bd7 17. Qb4 Rfd8 18. c4 b5 19. cxb5 Bxb5 20. Qe1 Nd3 21. Qd2 Nxf2 22. Qxd8+ Qxd8 23. Rxf2 Qd3 0-1

[Event "Caplin Hastings Masters 2023-24"]
[Site "Hastings"]
[Date "2023.12.29"]
[Round "2.4"]
[White "Jacobson, Brandon"]
[Black "Lux, Hugo de Melo"]
[Result "1-0"]
[ECO "D12"]
[WhiteElo "2538"]
[BlackElo "2311"]
[Annotator "ChessBase"]
[PlyCount "95"]
[EventDate "2023.12.18"]
[EventType "swiss"]
[EventCountry "ENG"]
[SourceTitle "playchess.com"]
[Source "ChessBase"]
[SourceQuality "1"]
[TimeControl "40/6000+30:3000+30"]

1. d4 d5 2. c4 c6 3. Nf3 Nf6 4. e3 Bf5 5. Nc3 e6 6. Nh4 Be4 7. f3 Bg6 8. Qb3 Qc7 9. Bd2 Be7 10. O-O-O dxc4 11. Bxc4 b5 12. Be2 a6 13. Nxg6 hxg6 14. Ne4 Nxe4 15. fxe4 c5 16. Kb1 c4 17. Qc2 Nc6 18. e5 Rc8 19. h4 Bb4 20. Bc1 Be7 21. a3 Na5 22. h5 g5 23. d5 exd5 24. e6 Rh6 25. exf7+ Kxf7 26. Rxd5 Kg8 27. Bg4 Rf8 28. Rd7 Qe5 29. Bd2 Nc6 30. Bc3 Qg3 31. Qe4 Bf6 32. Bxf6 Rhxf6 33. h6 g6 34. Be6+ Kh8 35. Qxc6 Qxe3 36. Rh7+ Kxh7 37. Qd7+ R8f7 38. Bxf7 Qd3+ 39. Qxd3 cxd3 40. Bd5 Rd6 41. Be4 Rd4 42. Bxg6+ Kxg6 43. h7 d2 44. h8=Q d1=Q+ 45. Rxd1 Rxd1+ 46. Kc2 Rd6 47. Qe8+ Kf6 48. Qf8+ 1-0

[Event "Caplin Hastings Masters 2023-24"]
[Site "Hastings"]
[Date "2023.12.29"]
[Round "2.5"]
[White "Bozinakis, Pavlos"]
[Black "Edouard, Romain"]
[Result "1/2-1/2"]
[ECO "B30"]
[WhiteElo "2274"]
[BlackElo "2527"]
[Annotator "ChessBase"]
[PlyCount "42"]
[EventDate "2023.12.18"]
[EventType "swiss"]
[EventCountry "ENG"]
[SourceTitle "playchess.com"]
[Source "ChessBase"]
[SourceQuality "1"]
[TimeControl "40/6000+30:3000+30"]

1. e4 c5 2. Nf3 Nc6 3. Bb5 e6 4. O-O Nge7 5. c3 a6 6. Ba4 d5 7. exd5 Qxd5 8. d4 b5 9. Bc2 Bb7 10. Re1 Rd8 11. Be4 Qd7 12. Nbd2 cxd4 13. Nb3 Nd5 14. cxd4 h6 15. Bd2 b4 16. Rc1 Be7 17. Nc5 Bxc5 18. Rxc5 Nde7 19. Bxc6 Bxc6 20. Bxb4 Qb7 21. Ba3 O-O 1/2-1/2

[Event "Caplin Hastings Masters 2023-24"]
[Site "Hastings"]
[Date "2023.12.29"]
[Round "2.6"]
[White "Laurent-Paoli, Pierre"]
[Black "Beaumont, Chris R"]
[Result "1-0"]
[ECO "A69"]
[WhiteElo "2524"]
[BlackElo "2236"]
[Annotator "ChessBase"]
[PlyCount "137"]
[EventDate "2023.12.18"]
[EventType "swiss"]
[EventCountry "ENG"]
[SourceTitle "playchess.com"]
[Source "ChessBase"]
[SourceQuality "1"]
[TimeControl "40/6000+30:3000+30"]

1. e4 g6 2. d4 d6 3. c4 Nf6 4. Nc3 Bg7 5. f4 O-O 6. Nf3 c5 7. d5 e6 8. Be2 exd5 9. cxd5 Nbd7 10. O-O Re8 11. Qc2 Qc7 12. Kh1 a6 13. a4 Rb8 14. Nd2 c4 15. Nxc4 b5 16. axb5 axb5 17. Nxd6 Qxd6 18. e5 Qc7 19. d6 Qc5 20. Qd3 Nxe5 21. fxe5 Rxe5 22. Bf4 Bf5 23. Qg3 Ree8 24. d7 Nxd7 25. Bxb8 Rxb8 26. Bg4 Bxg4 27. Qxg4 Ne5 28. Qe4 Qc4 29. Rfd1 Qxe4 30. Nxe4 Nc4 31. Ra7 Bxb2 32. Ng5 Ne5 33. Rf1 Bd4 34. Re7 b4 35. Nxf7 Nxf7 36. Rfxf7 b3 37. Rb7 Rxb7 38. Rxb7 b2 39. g4 Bf6 40. Kg2 Be5 41. h3 Bf6 42. Kf3 Bc3 43. Ke4 Bf6 44. Kd5 Bc3 45. Ke6 Kf8 46. h4 Kg8 47. h5 gxh5 48. gxh5 h6 49. Kf5 Kf8 50. Kg6 Bd2 51. Rxb2 Bc1 52. Rb7 Bg5 53. Ra7 Bc1 54. Rf7+ Ke8 55. Rf1 Bg5 56. Kg7 Ke7 57. Re1+ Kd6 58. Kg6 Kd7 59. Kf7 Kd6 60. Re8 Bf4 61. Re6+ Kd5 62. Kf6 Bg5+ 63. Kf5 Bc1 64. Re1 Bg5 65. Rd1+ Kc6 66. Rg1 Be3 67. Rg3 Bd2 68. Rg2 Be3 69. Ke4 1-0

[Event "Caplin Hastings Masters 2023-24"]
[Site "Hastings"]
[Date "2023.12.29"]
[Round "2.7"]
[White "Nielsen, Andre"]
[Black "Mikhalevski, Victor"]
[Result "1-0"]
[ECO "B81"]
[WhiteElo "2239"]
[BlackElo "2524"]
[Annotator "ChessBase"]
[PlyCount "91"]
[EventDate "2023.12.18"]
[EventType "swiss"]
[EventCountry "ENG"]
[SourceTitle "playchess.com"]
[Source "ChessBase"]
[SourceQuality "1"]
[TimeControl "40/6000+30:3000+30"]

1. e4 c5 2. Nf3 e6 3. d4 cxd4 4. Nxd4 Nf6 5. Nc3 d6 6. g4 h6 7. h4 Nc6 8. Be2 d5 9. exd5 Nxd5 10. Nxd5 exd5 11. Be3 Be7 12. Qd2 Ne5 13. O-O-O Bxg4 14. Bxg4 Nxg4 15. Nf5 Nxe3 16. Qxe3 Kf8 17. Rhg1 Rc8 18. Rde1 Bc5 19. Qe5 Qf6 20. Qxf6 gxf6 21. Rd1 Bxf2 22. Rg2 Bb6 23. Rxd5 Rc5 24. Rxc5 Bxc5 25. c3 Rg8 26. Rxg8+ Kxg8 27. b4 Bg1 28. h5 Kf8 29. Kc2 Ke8 30. Kd3 Kd7 31. Ke4 Ke6 32. Nxh6 f5+ 33. Nxf5 Kf6 34. h6 Kg6 35. c4 a5 36. bxa5 Bc5 37. Kd5 Bb4 38. a6 bxa6 39. c5 Ba5 40. a4 Bc7 41. Kc6 Be5 42. Nd6 Bd4 43. Kd5 Bc3 44. Nc4 Bf6 45. c6 Bd8 46. Ne5+ 1-0

[Event "Caplin Hastings Masters 2023-24"]
[Site "Hastings"]
[Date "2023.12.29"]
[Round "2.8"]
[White "Boswell, Jacob Connor"]
[Black "Petrov, Martin"]
[Result "0-1"]
[ECO "E15"]
[WhiteElo "2235"]
[BlackElo "2501"]
[Annotator "ChessBase"]
[PlyCount "116"]
[EventDate "2023.12.18"]
[EventType "swiss"]
[EventCountry "ENG"]
[SourceTitle "playchess.com"]
[Source "ChessBase"]
[SourceQuality "1"]
[TimeControl "40/6000+30:3000+30"]

1. d4 Nf6 2. c4 e6 3. Nf3 d5 4. g3 Bb4+ 5. Bd2 Be7 6. Bg2 O-O 7. O-O Nbd7 8. Qc2 c6 9. Rd1 b6 10. Bf4 Ba6 11. b3 Rc8 12. Nc3 h6 13. e4 dxc4 14. Nd2 b5 15. bxc4 bxc4 16. Qa4 Bb5 17. Qc2 Ba6 18. Qa4 Bb5 19. Qc2 Re8 20. a4 Ba6 21. a5 Nf8 22. Bf1 Bb4 23. Ra4 Bxc3 24. Qxc3 c5 25. Nxc4 Qd7 26. Qa1 Bxc4 27. Rxc4 cxd4 28. Rxc8 Qxc8 29. Qxd4 Ng6 30. Be3 e5 31. Qxa7 Qg4 32. Rb1 Nh4 33. Qb7 Nf3+ 34. Kh1 Qh5 35. h3 Ng4 36. Bc5 Re6 37. a6 Nfh2 38. a7 Nxf1 39. a8=Q+ Kh7 40. Kg2 Nge3+ 41. Kg1 Qf3 42. Bxe3 Nxe3 43. fxe3 Qxg3+ 44. Kf1 Qf3+ 45. Ke1 Qxe3+ 46. Kd1 Rg6 47. Qh8+ Kxh8 48. Qc8+ Kh7 49. Qf5 Qg5 50. Rb5 Qxf5 51. exf5 Rd6+ 52. Ke2 f6 53. Rb4 Rd4 54. Rxd4 exd4 55. Kd3 g6 56. Kxd4 gxf5 57. Ke3 Kg7 58. Kf3 Kf7 0-1

[Event "Caplin Hastings Masters 2023-24"]
[Site "Hastings"]
[Date "2023.12.29"]
[Round "2.9"]
[White "Sengupta, Deep"]
[Black "Villiers, Thomas"]
[Result "1-0"]
[ECO "D02"]
[WhiteElo "2501"]
[BlackElo "2230"]
[Annotator "ChessBase"]
[PlyCount "83"]
[EventDate "2023.12.18"]
[EventType "swiss"]
[EventCountry "ENG"]
[SourceTitle "playchess.com"]
[Source "ChessBase"]
[SourceQuality "1"]
[TimeControl "40/6000+30:3000+30"]

1. d4 d5 2. Bf4 Nf6 3. e3 e6 4. Nf3 Bd6 5. Ne5 O-O 6. Nd2 c5 7. c3 Nc6 8. Bd3 Qc7 9. Ndf3 Ne4 10. O-O f6 11. Nxc6 Bxf4 12. exf4 bxc6 13. Qc1 c4 14. Bc2 Rb8 15. Re1 Nd6 16. Re3 Nf7 17. g3 Re8 18. Qb1 h6 19. Bh7+ Kh8 20. Bg6 Rf8 21. Nh4 Bd7 22. Qc2 Nd8 23. Rae1 c5 24. f5 cxd4 25. cxd4 Qb6 26. Qd1 Qxb2 27. fxe6 Bxe6 28. Rxe6 Nxe6 29. Rxe6 Qxa2 30. Bf5 Rfe8 31. Qh5 Rxe6 32. Ng6+ Kg8 33. Bxe6+ Kh7 34. Bf5 Kg8 35. Qf3 Qa1+ 36. Kg2 Qxd4 37. Ne7+ Kh8 38. Nc6 Qb6 39. Nxb8 Qxb8 40. Qxd5 c3 41. Qc6 Qc7 42. Qe8# 1-0

[Event "Caplin Hastings Masters 2023-24"]
[Site "Hastings"]
[Date "2023.12.29"]
[Round "2.10"]
[White "Ismail, Mohammed Aayan"]
[Black "Sulskis, Sarunas"]
[Result "0-1"]
[ECO "A09"]
[WhiteElo "2115"]
[BlackElo "2490"]
[Annotator "ChessBase"]
[PlyCount "58"]
[EventDate "2023.12.18"]
[EventType "swiss"]
[EventCountry "ENG"]
[SourceTitle "playchess.com"]
[Source "ChessBase"]
[SourceQuality "1"]
[TimeControl "40/6000+30:3000+30"]

1. Nf3 d5 2. c4 d4 3. e3 Nc6 4. b4 Nxb4 5. Qa4+ Nc6 6. exd4 e6 7. Nc3 Nf6 8. d5 exd5 9. cxd5 Nxd5 10. Nxd5 Qxd5 11. Bc4 Qf5 12. Bb2 Bd6 13. Nd4 Qe5+ 14. Kf1 O-O 15. Re1 Qa5 16. Qb3 Ne5 17. Bd5 Qxd2 18. Be4 Bd7 19. Bc3 Qf4 20. Qc2 Qh4 21. g3 Qh5 22. f4 Nc4 23. Nf3 Rae8 24. Ng5 h6 25. h4 hxg5 26. hxg5 Bh3+ 27. Rxh3 Qxh3+ 28. Kf2 Qh2+ 29. Bg2 Rxe1 0-1

[Event "Caplin Hastings Masters 2023-24"]
[Site "Hastings"]
[Date "2023.12.29"]
[Round "2.11"]
[White "Gasanov, Eldar"]
[Black "Juknis, Paulius"]
[Result "1-0"]
[ECO "E71"]
[WhiteElo "2487"]
[BlackElo "2148"]
[Annotator "ChessBase"]
[PlyCount "115"]
[EventDate "2023.12.18"]
[EventType "swiss"]
[EventCountry "ENG"]
[SourceTitle "playchess.com"]
[Source "ChessBase"]
[SourceQuality "1"]
[TimeControl "40/6000+30:3000+30"]

1. d4 Nf6 2. c4 g6 3. Nc3 Bg7 4. e4 d6 5. h3 O-O 6. Be3 Nc6 7. d5 Ne5 8. f4 Ned7 9. Qc2 e5 10. dxe6 fxe6 11. g4 b6 12. Bg2 Ba6 13. b3 Nc5 14. Rd1 Bb7 15. Nge2 a5 16. O-O Nfd7 17. Kh2 Qe7 18. Ng3 Rae8 19. g5 Qd8 20. h4 Qa8 21. Nb5 Qb8 22. h5 Rf7 23. Rf2 gxh5 24. Nxh5 Bh8 25. Bc1 Qd8 26. Rg1 Nf8 27. Rd1 Qa8 28. Re2 Ng6 29. Rf1 Qd8 30. Ref2 Qa8 31. Re1 Qd8 32. Bd2 Bc6 33. Ref1 Qa8 34. Re2 Qd8 35. Kg1 Bb7 36. Be3 Qa8 37. Bd2 Qd8 38. Bc1 Bc6 39. Na7 Bb7 40. Nb5 Bc6 41. Rfe1 Ref8 42. Rf1 Bb7 43. Ree1 Qa8 44. a3 Bc6 45. Bh1 Bb7 46. Bd2 Bc6 47. Qb1 Qd8 48. b4 axb4 49. axb4 Na4 50. Qc2 Qa8 51. Rf3 Nb2 52. Ra3 Qd8 53. Nf6+ Rxf6 54. gxf6 Qxf6 55. e5 Nxe5 56. Rg3+ Bg7 57. Bxc6 Nxc6 58. Bc3 1-0

[Event "Caplin Hastings Masters 2023-24"]
[Site "Hastings"]
[Date "2023.12.29"]
[Round "2.12"]
[White "Brown, Thomas"]
[Black "Wadsworth, Matthew J"]
[Result "0-1"]
[ECO "E24"]
[WhiteElo "2095"]
[BlackElo "2448"]
[Annotator "ChessBase"]
[PlyCount "76"]
[EventDate "2023.12.18"]
[EventType "swiss"]
[EventCountry "ENG"]
[SourceTitle "playchess.com"]
[Source "ChessBase"]
[SourceQuality "1"]
[TimeControl "40/6000+30:3000+30"]

1. d4 Nf6 2. c4 e6 3. Nc3 Bb4 4. a3 Bxc3+ 5. bxc3 b6 6. f3 Nc6 7. e4 Na5 8. Bd3 Ba6 9. Qe2 c5 10. f4 cxd4 11. cxd4 Qc7 12. Nf3 Bxc4 13. O-O Bxd3 14. Qxd3 Qc4 15. Qe3 d5 16. e5 Ne4 17. Bd2 Nb3 18. Rab1 Nbxd2 19. Nxd2 Qc3 20. Qxc3 Nxc3 21. Rb4 Rc8 22. Kf2 Kd7 23. a4 Rc6 24. Ra1 Rhc8 25. Rb3 a6 26. Rba3 f5 27. Ke3 Ne4 28. Nxe4 dxe4 29. Rb1 Rc3+ 30. Rxc3 Rxc3+ 31. Kd2 Rd3+ 32. Ke2 Kc6 33. Rc1+ Kb7 34. Rc4 h5 35. Kf2 h4 36. h3 Rd2+ 37. Kg1 e3 38. Kf1 Rf2+ 0-1

[Event "Caplin Hastings Masters 2023-24"]
[Site "Hastings"]
[Date "2023.12.29"]
[Round "2.13"]
[White "Gormally, Daniel W"]
[Black "Southcott-Moyers, Indy"]
[Result "1/2-1/2"]
[ECO "D37"]
[WhiteElo "2442"]
[BlackElo "2123"]
[Annotator "ChessBase"]
[PlyCount "111"]
[EventDate "2023.12.18"]
[EventType "swiss"]
[EventCountry "ENG"]
[SourceTitle "playchess.com"]
[Source "ChessBase"]
[SourceQuality "1"]
[TimeControl "40/6000+30:3000+30"]

1. d4 d5 2. c4 e6 3. Nf3 Nf6 4. Nc3 a6 5. cxd5 exd5 6. Bg5 Be6 7. e3 Nbd7 8. Bd3 Bd6 9. O-O c6 10. Nd2 Qc7 11. f4 h6 12. Bh4 Bg4 13. Qc2 g5 14. Bg3 O-O-O 15. b4 Nh5 16. Bf5 Bxf5 17. Qxf5 Nxg3 18. hxg3 Kb8 19. a3 Nb6 20. e4 dxe4 21. Ndxe4 gxf4 22. gxf4 Qd7 23. Qxd7 Rxd7 24. Nc5 Bxc5 25. dxc5 Nc4 26. a4 Ne3 27. Rf3 Nc2 28. Rb1 Re8 29. b5 axb5 30. axb5 cxb5 31. Nxb5 Nd4 32. Nxd4 Rxd4 33. c6 Re7 34. Kh2 Rc4 35. cxb7 Rxb7 36. Rxb7+ Kxb7 37. Kg3 Kc6 38. Rd3 h5 39. Rd2 Rb4 40. Kf3 Ra4 41. g3 Ra5 42. Rd8 Rd5 43. Rf8 f5 44. Kg2 Kd7 45. Kh3 Ke7 46. Rh8 Kf6 47. Kh4 Rd3 48. Rh6+ Kg7 49. Rxh5 Kg6 50. Rg5+ Kf6 51. Kh5 Rc3 52. Kh6 Rb3 53. Rg8 Kf7 54. Rg6 Rc3 55. Kh5 Rb3 56. Rg5 1/2-1/2

[Event "Caplin Hastings Masters 2023-24"]
[Site "Hastings"]
[Date "2023.12.29"]
[Round "2.14"]
[White "Gimenez Menchon, Cesar"]
[Black "Royal, Shreyas"]
[Result "0-1"]
[ECO "B22"]
[WhiteElo "2088"]
[BlackElo "2438"]
[Annotator "ChessBase"]
[PlyCount "82"]
[EventDate "2023.12.18"]
[EventType "swiss"]
[EventCountry "ENG"]
[SourceTitle "playchess.com"]
[Source "ChessBase"]
[SourceQuality "1"]
[TimeControl "40/6000+30:3000+30"]

1. e4 c5 2. c3 Nf6 3. e5 Nd5 4. Nf3 d6 5. Bb5+ Bd7 6. Bc4 Nb6 7. Bxf7+ Kxf7 8. e6+ Kg8 9. exd7 N8xd7 10. a4 Nf6 11. a5 Nbd5 12. Qb3 Qc8 13. O-O c4 14. Qa2 Nf4 15. d4 Nxg2 16. Kh1 d5 17. Rg1 Qf5 18. Nbd2 Nf4 19. Rg5 Qd3 20. Ne5 Qe2 21. Ndxc4 Nh3 22. Be3 Nxg5 23. Bxg5 dxc4 24. Kg2 Rc8 25. Qa4 Qe4+ 26. f3 Qd5 27. Rd1 e6 28. b3 cxb3 29. c4 Qd6 30. Qxb3 Rc7 31. f4 Be7 32. f5 Nd7 33. Bf4 Bf6 34. fxe6 Nxe5 35. c5 Qc6+ 36. Kh3 h6 37. e7+ Kh7 38. Qc2+ g6 39. Rf1 Rxe7 40. dxe5 Bxe5 41. Bxe5 Qe6+ 0-1

[Event "Caplin Hastings Masters 2023-24"]
[Site "Hastings"]
[Date "2023.12.29"]
[Round "2.15"]
[White "Willow, Jonah B"]
[Black "Bai, Xue"]
[Result "1-0"]
[ECO "C48"]
[WhiteElo "2427"]
[BlackElo "2099"]
[Annotator "ChessBase"]
[PlyCount "57"]
[EventDate "2023.12.18"]
[EventType "swiss"]
[EventCountry "ENG"]
[SourceTitle "playchess.com"]
[Source "ChessBase"]
[SourceQuality "1"]
[TimeControl "40/6000+30:3000+30"]

1. e4 e5 2. Nf3 Nc6 3. Nc3 Nf6 4. Bb5 Nd4 5. O-O Nxb5 6. Nxb5 d6 7. d4 c6 8. dxe5 Nxe4 9. Nxd6+ Bxd6 10. Qd4 Bf5 11. exd6 Qxd6 12. Qxg7 O-O-O 13. Qe5 Qxe5 14. Nxe5 Nd6 15. Bg5 Rde8 16. Rad1 Rhg8 17. Bf4 Re6 18. c4 c5 19. Rd5 b6 20. Nxf7 Nxf7 21. Rxf5 Nd8 22. Rd1 Rge8 23. Be3 Nc6 24. h3 R8e7 25. Rfd5 Ne5 26. b3 Nc6 27. Kh2 Nb4 28. Rd8+ Kb7 29. Bg5 1-0

[Event "Caplin Hastings Masters 2023-24"]
[Site "Hastings"]
[Date "2023.12.29"]
[Round "2.16"]
[White "Evenshaug, Amadeus Hestvik"]
[Black "Gallagher, Joseph G."]
[Result "0-1"]
[ECO "B40"]
[WhiteElo "2041"]
[BlackElo "2427"]
[Annotator "ChessBase"]
[PlyCount "90"]
[EventDate "2023.12.18"]
[EventType "swiss"]
[EventCountry "ENG"]
[SourceTitle "playchess.com"]
[Source "ChessBase"]
[SourceQuality "1"]
[TimeControl "40/6000+30:3000+30"]

1. e4 c5 2. Nf3 e6 3. d4 cxd4 4. Nxd4 Nf6 5. Bd3 Nc6 6. Nxc6 bxc6 7. O-O d5 8. e5 Nd7 9. f4 Be7 10. Be3 g6 11. Nd2 Bb7 12. c4 O-O 13. Nf3 c5 14. cxd5 Bxd5 15. b3 Qc7 16. Qe2 Qb7 17. Ba6 Qb6 18. Bc4 Rfd8 19. Rac1 Bxc4 20. Qxc4 Qc6 21. b4 Nb6 22. Qa6 c4 23. Bxb6 axb6 24. Qxc4 Qxc4 25. Rxc4 Rxa2 26. Rb1 b5 27. Rd4 Rc8 28. Rd2 Rxd2 29. Nxd2 Rc2 30. Ne4 Rc4 31. Nd6 Rxf4 32. Nxb5 Bxb4 33. g3 Re4 34. Kg2 Bf8 35. Nd6 Rxe5 36. Rb8 Re2+ 37. Kh3 h5 38. Ne8 Bc5 39. Nf6+ Kg7 40. Ne8+ Kh6 41. Rb1 g5 42. g4 Re3+ 43. Kg2 hxg4 44. Nf6 Re2+ 45. Kg3 Kg6 0-1

[Event "Caplin Hastings Masters 2023-24"]
[Site "Hastings"]
[Date "2023.12.29"]
[Round "2.17"]
[White "Rayner, Francis"]
[Black "Cherniaev, Alexander"]
[Result "0-1"]
[ECO "E70"]
[WhiteElo "2035"]
[BlackElo "2381"]
[Annotator "ChessBase"]
[PlyCount "150"]
[EventDate "2023.12.18"]
[EventType "swiss"]
[EventCountry "ENG"]
[SourceTitle "playchess.com"]
[Source "ChessBase"]
[SourceQuality "1"]
[TimeControl "40/6000+30:3000+30"]

1. c4 g6 2. e4 Bg7 3. d4 d6 4. Nc3 Nf6 5. Nge2 a6 6. Ng3 h5 7. Be2 h4 8. Nf1 c5 9. d5 b5 10. cxb5 Nbd7 11. Ne3 O-O 12. O-O axb5 13. Bxb5 h3 14. g3 Ba6 15. Bxa6 Rxa6 16. Qe2 Qa8 17. Nc4 Rb8 18. Rd1 Nb6 19. Nxb6 Raxb6 20. Qf1 Rb4 21. f3 Nd7 22. Qxh3 Bd4+ 23. Kh1 Ne5 24. Qf1 Nc4 25. a3 Nxb2 26. axb4 Qxa1 27. Bxb2 Qxb2 28. Nb5 Qxb4 29. Nxd4 cxd4 30. Qd3 Qc3 31. Kg2 Rb2+ 32. Kh3 Rf2 33. Qxc3 dxc3 34. Rd3 c2 35. Rc3 Kg7 36. Kg4 Rxh2 37. f4 Rf2 38. Rc7 Kf6 39. Rc6 e6 40. Rc7 e5 41. Rc6 Ke7 42. Rc7+ Kd8 43. Rc6 Kd7 44. Rc4 Rd2 45. Rc6 Rf2 46. Rc4 Ke7 47. Rc7+ Kf6 48. Rc6 Kg7 49. Rc7 Kh6 50. Rc8 Rd2 51. fxe5 dxe5 52. d6 Rf2 53. Rh8+ Kg7 54. Rc8 Rd2 55. d7 Rxd7 56. Rxc2 Rd3 57. Re2 Kf6 58. Kh4 Ke6 59. g4 f5 60. gxf5+ gxf5 61. exf5+ Kxf5 62. Rf2+ Ke4 63. Kg4 Ke3 64. Rf8 e4 65. Re8 Rd1 66. Kf5 Rd4 67. Ke5 Ra4 68. Kd5 Kd3 69. Kc5 e3 70. Rd8+ Kc2 71. Re8 Kd2 72. Rd8+ Ke1 73. Rh8 e2 74. Rh1+ Kd2 75. Rh2 Kd1 0-1

[Event "Caplin Hastings Masters 2023-24"]
[Site "Hastings"]
[Date "2023.12.29"]
[Round "2.18"]
[White "Derakhshani, Borna"]
[Black "Weersing, Abigail Riis"]
[Result "1-0"]
[ECO "C11"]
[WhiteElo "2380"]
[BlackElo "2056"]
[Annotator "ChessBase"]
[PlyCount "157"]
[EventDate "2023.12.18"]
[EventType "swiss"]
[EventCountry "ENG"]
[SourceTitle "playchess.com"]
[Source "ChessBase"]
[SourceQuality "1"]
[TimeControl "40/6000+30:3000+30"]

1. e4 e6 2. d4 d5 3. Nc3 Nf6 4. e5 Nfd7 5. f4 c5 6. Nf3 Nc6 7. Be3 Be7 8. Qd2 O-O 9. dxc5 Qa5 10. Nb5 Qxd2+ 11. Nxd2 Nxc5 12. Be2 Bd7 13. O-O-O Rfc8 14. Kb1 a6 15. Nd6 Bxd6 16. exd6 b6 17. Nf3 Ne4 18. Ne5 Nxe5 19. fxe5 b5 20. Bf3 Nc5 21. Bd4 a5 22. Rhf1 b4 23. Bh5 Be8 24. Rf4 Ne4 25. Be2 Bd7 26. h4 Rab8 27. Bf3 Nc5 28. Rf1 Bb5 29. Rd1 Bd7 30. Bh5 Be8 31. Bxc5 Rxc5 32. d7 Bxd7 33. Bxf7+ Kh8 34. Rdf1 Rcc8 35. Bh5 Bb5 36. R1f2 h6 37. Rf7 Kh7 38. Bg4 Re8 39. Kc1 a4 40. Bh5 Bc4 41. b3 axb3 42. axb3 Bb5 43. R7f4 Red8 44. Rxb4 d4 45. Rd2 Bc6 46. Rxb8 Rxb8 47. Rxd4 Bxg2 48. Rg4 Bh3 49. Bg6+ Kg8 50. Rf4 Rb5 51. Rc4 Kf8 52. Rc8+ Ke7 53. Rc7+ Kf8 54. Rf7+ Kg8 55. Re7 Rb8 56. Kd2 Rd8+ 57. Ke3 Kf8 58. Rf7+ Kg8 59. Rc7 Kf8 60. b4 Bf5 61. Bxf5 exf5 62. b5 Rb8 63. c4 g5 64. Rc6 Kg7 65. h5 f4+ 66. Kf3 Re8 67. Ke4 Rf8 68. Rg6+ Kh7 69. Rf6 Rc8 70. Kd4 Rg8 71. b6 g4 72. Rxf4 g3 73. Rf1 Kg7 74. c5 g2 75. Rg1 Kf7 76. b7 Ke6 77. Rxg2 Rd8+ 78. Ke4 Rf8 79. Rb2 1-0

[Event "Caplin Hastings Masters 2023-24"]
[Site "Hastings"]
[Date "2023.12.29"]
[Round "2.19"]
[White "Byrn, Carsten"]
[Black "Arkell, Keith C"]
[Result "0-1"]
[ECO "E41"]
[WhiteElo "1823"]
[BlackElo "2371"]
[Annotator "ChessBase"]
[PlyCount "83"]
[EventDate "2023.12.18"]
[EventType "swiss"]
[EventCountry "ENG"]
[SourceTitle "playchess.com"]
[Source "ChessBase"]
[SourceQuality "1"]
[TimeControl "40/6000+30:3000+30"]

1. d4 Nf6 2. c4 e6 3. Nf3 Bb4+ 4. Nc3 c5 5. e3 Bxc3+ 6. bxc3 d6 7. Bd2 Nc6 8. Bd3 e5 9. Ng5 Qe7 10. d5 Nb8 11. Ne4 Nxe4 12. Bxe4 f5 13. Bc2 O-O 14. O-O Nd7 15. f4 Nf6 16. Qf3 Bd7 17. Rae1 Rae8 18. g3 Qf7 19. Qd1 Qg6 20. Ba4 Bxa4 21. Qxa4 Ne4 22. Qd1 h5 23. Re2 exf4 24. exf4 Re7 25. Rg2 Rfe8 26. Be1 Qg4 27. Qxg4 hxg4 28. Rb2 b6 29. a4 Nf6 30. Bf2 Re2 31. Rfb1 Rxb2 32. Rxb2 Re4 33. a5 bxa5 34. Rb8+ Kh7 35. Rd8 Rxc4 36. Rxd6 a4 37. Ra6 Nxd5 38. Rxa7 Nxc3 39. Ra5 Ne4 40. Be3 Rc3 41. Bxc5 Nxc5 42. Kf2 0-1

[Event "Caplin Hastings Masters 2023-24"]
[Site "Hastings"]
[Date "2023.12.29"]
[Round "2.20"]
[White "Unuk, Laura"]
[Black "Han, Qixiang"]
[Result "1-0"]
[ECO "D02"]
[WhiteElo "2345"]
[BlackElo "1711"]
[Annotator "ChessBase"]
[PlyCount "73"]
[EventDate "2023.12.18"]
[EventType "swiss"]
[EventCountry "ENG"]
[SourceTitle "playchess.com"]
[Source "ChessBase"]
[SourceQuality "1"]
[TimeControl "40/6000+30:3000+30"]

1. d4 d5 2. Bf4 Nf6 3. e3 e6 4. Nd2 c5 5. c3 Bd6 6. Bg3 Nc6 7. Ngf3 Qc7 8. dxc5 Bxg3 9. hxg3 e5 10. Qc2 Be6 11. e4 O-O-O 12. Bd3 h6 13. O-O g5 14. b4 Rdg8 15. exd5 Bxd5 16. Ne4 Nxe4 17. Bxe4 Bc4 18. Rfd1 Re8 19. Rd6 a6 20. Rad1 Re7 21. Nd2 Be6 22. Qd3 Na7 23. a4 Kb8 24. Nc4 Bxc4 25. Qxc4 Nc8 26. Qd5 Na7 27. Rb6 Nc8 28. Rf6 h5 29. b5 axb5 30. axb5 Qa5 31. b6 Qxc3 32. Rxf7 Rh7 33. Rxh7 Rxh7 34. Bxh7 h4 35. Be4 Nd6 36. Qxd6+ Ka8 37. Qd8# 1-0